[Event "FIDE WCCC Open-12 2024"]
[Site "Montesilvano"]
[Date "2024.11.18"]
[Round "2.1"]
[White "Bocquenet-Drouode, Hugo"]
[Black "Golis, Wiktor"]
[Result "0-1"]
[ECO "C25"]
[WhiteElo "2002"]
[BlackElo "2343"]
[PlyCount "104"]
[EventDate "2024.11.18"]
[EventType "swiss"]
[EventCountry "ITA"]
[TimeControl "5400+30"]

1. e4 e5 2. Nc3 Nc6 3. g3 Bc5 4. Bg2 Nge7 5. d3 O-O 6. Na4 Bb4+ 7. c3 Bd6 8. c4 Bb4+ 9. Bd2 Bxd2+ 10. Qxd2 f5 11. Ne2 d6 12. Nac3 Be6 13. Nd5 Qd7 14. f4 fxe4 15. dxe4 Bg4 16. Nec3 Nxd5 17. cxd5 Nd4 18. h3 Bf3 19. O-O Bxg2 20. Kxg2 c5 21. Ne2 Nxe2 22. Qxe2 exf4 23. gxf4 Rae8 24. Rae1 Re7 25. Rf3 Rfe8 26. Re3 a6 27. Qd3 Qa4 28. a3 Qd4 29. Qxd4 cxd4 30. Rd3 Rxe4 31. Rxe4 Rxe4 32. Kf3 Re3+ 33. Rxe3 dxe3 34. Kxe3 g6 35. Kf3 Kf7 36. Kg4 Kf6 37. h4 h6 38. b4 b5 39. Kg3 Kf5 40. Kf3 h5 41. Ke3 Kg4 42. Ke4 Kxh4 43. f5 Kg5 44. fxg6 Kxg6 45. Kf4 Kf6 46. Ke4 h4 47. Kf4 h3 48. Kg3 Ke5 49. Kxh3 Kxd5 50. Kg3 Kc4 51. Kf3 Kb3 52. Ke4 Kxa3 0-1

[Event "FIDE WCCC Open-12 2024"]
[Site "Montesilvano"]
[Date "2024.11.18"]
[Round "2.2"]
[White "Lacan Rus, David"]
[Black "Nguyen, Anh Khoi"]
[Result "1-0"]
[ECO "D35"]
[WhiteElo "2274"]
[BlackElo "2520"]
[PlyCount "69"]
[EventDate "2024.11.18"]
[EventType "swiss"]
[EventCountry "ITA"]
[TimeControl "5400+30"]

1. d4 d5 2. c4 e6 3. Nc3 Nf6 4. cxd5 exd5 5. Bg5 c6 6. e3 Bd6 7. Bd3 O-O 8. Qc2 h6 9. Bh4 Re8 10. Nge2 a5 11. Bg3 Na6 12. a3 Nc7 13. O-O Bxg3 14. Nxg3 Qd6 15. Na4 Ne6 16. Rfc1 Ng5 17. Nc5 Qe7 18. b4 h5 19. Nf1 h4 20. h3 axb4 21. axb4 Rxa1 22. Rxa1 Nfe4 23. Ra7 Bxh3 24. f4 Bf5 25. Rxb7 Qf6 26. fxg5 Qxg5 27. Nxe4 dxe4 28. Bc4 Bg6 29. Qf2 Re7 30. Rb8+ Kh7 31. Rc8 Rb7 32. b5 cxb5 33. Rc5 Qe7 34. Bxb5 Ra7 35. Qf4 1-0

[Event "FIDE WCCC Open-12 2024"]
[Site "Montesilvano"]
[Date "2024.11.18"]
[Round "2.3"]
[White "Negrean, Andrei"]
[Black "Radnaev, Leo"]
[Result "1-0"]
[ECO "E97"]
[WhiteElo "2255"]
[BlackElo "1990"]
[PlyCount "120"]
[EventDate "2024.11.18"]
[EventType "swiss"]
[EventCountry "ITA"]
[TimeControl "5400+30"]

1. Nf3 Nf6 2. c4 g6 3. Nc3 Bg7 4. e4 d6 5. d4 O-O 6. Be2 e5 7. O-O Nc6 8. Be3 Ng4 9. Bg5 f6 10. Bc1 Nh6 11. c5 Ne7 12. dxe5 dxe5 13. Bc4+ Kh8 14. Qxd8 Rxd8 15. Nb5 Bd7 16. Nxc7 Rac8 17. Ne6 Bxe6 18. Bxe6 Rxc5 19. Bd2 Rc6 20. Bb3 Rcc8 21. Rac1 Nhg8 22. Be3 Nc6 23. Be6 Ra8 24. Rfd1 Nge7 25. Kf1 Rxd1+ 26. Rxd1 Rd8 27. Rc1 Rd6 28. Bb3 Rd8 29. Bc5 Nc8 30. Bd5 Nb6 31. Bxc6 bxc6 32. Bxb6 axb6 33. Rxc6 Rb8 34. Ke2 Kg8 35. Nd2 b5 36. Nb3 b4 37. Nc5 Bf8 38. Na6 Rb5 39. Nc7 Ra5 40. Ra6 Rc5 41. Ne6 Rc8 42. Ra7 Bd6 43. Rg7+ Kh8 44. Rd7 Bb8 45. Rd8+ Rxd8 46. Nxd8 Ba7 47. Nc6 Bc5 48. f3 b3 49. axb3 Kg7 50. Kd3 Bg1 51. h3 Kh6 52. b4 Kg5 53. Ne7 Kf4 54. Ke2 f5 55. Nd5+ Kg3 56. Kf1 Bd4 57. b3 fxe4 58. fxe4 Kh2 59. b5 g5 60. b6 h5 1-0

[Event "FIDE WCCC Open-12 2024"]
[Site "Montesilvano"]
[Date "2024.11.18"]
[Round "2.4"]
[White "Antipov, Fedor"]
[Black "Aansh Nandan Nerurkar"]
[Result "1-0"]
[ECO "B76"]
[WhiteElo "1991"]
[BlackElo "2247"]
[PlyCount "125"]
[EventDate "2024.11.18"]
[EventType "swiss"]
[EventCountry "ITA"]
[TimeControl "5400+30"]

1. e4 c5 2. Nf3 d6 3. d4 cxd4 4. Nxd4 Nf6 5. Nc3 g6 6. Be3 Bg7 7. f3 O-O 8. Qd2 Nc6 9. O-O-O Nxd4 10. Bxd4 Be6 11. Kb1 Qc7 12. h4 Rfc8 13. h5 Qa5 14. hxg6 fxg6 15. a3 Bf7 16. g4 Rab8 17. g5 Nh5 18. Bxg7 Kxg7 19. f4 Rxc3 20. Qd4+ Kg8 21. bxc3 Rc8 22. Qb4 Qd8 23. Rh4 Rc6 24. Ka1 Qc7 25. f5 Rxc3 26. Bd3 a5 27. Qd4 Rxa3+ 28. Kb2 Ra2+ 29. Kc1 a4 30. Kd2 Qc6 31. fxg6 hxg6 32. Rf1 Ra3 33. Qb4 Qc5 34. Qxc5 dxc5 35. e5 Kg7 36. e6 Bg8 37. Rb1 Bxe6 38. Re4 Kf7 39. Rxb7 Ra1 40. Bc4 Ng7 41. Rxe6 Nxe6 42. Rb6 Rg1 43. Rxe6 Rxg5 44. Ra6+ Kg7 45. Rxa4 Re5 46. Ra6 Re4 47. Bd3 Rg4 48. Rc6 Rg5 49. Kc3 Kf7 50. Kc4 e5 51. Rxc5 Ke7 52. Rc6 e4 53. Bxe4 Rg4 54. Kd5 g5 55. Ke5 Rg1 56. Rc7+ Kd8 57. Rg7 g4 58. Kd6 Ke8 59. Bd5 Rf1 60. Rxg4 Rf6+ 61. Be6 Rf8 62. Ra4 Rf6 63. Ra8# 1-0

[Event "FIDE WCCC Open-12 2024"]
[Site "Montesilvano"]
[Date "2024.11.18"]
[Round "2.5"]
[White "Kuandykuly, Danis"]
[Black "Platonovs, Nikolajs"]
[Result "0-1"]
[ECO "B94"]
[WhiteElo "2199"]
[BlackElo "1969"]
[PlyCount "76"]
[EventDate "2024.11.18"]
[EventType "swiss"]
[EventCountry "ITA"]
[TimeControl "5400+30"]

1. e4 c5 2. Nf3 d6 3. d4 cxd4 4. Nxd4 Nf6 5. Nc3 a6 6. Bg5 Nbd7 7. Bc4 Qb6 8. Bb3 e6 9. Qd2 Be7 10. O-O-O Nc5 11. f3 Qc7 12. Kb1 b5 13. a3 Bd7 14. Rhe1 O-O 15. g4 Rfb8 16. Qe2 b4 17. axb4 Rxb4 18. f4 Nxb3 19. Nxb3 Bc6 20. Qd3 Rd8 21. Nd4 Bb7 22. f5 e5 23. Nf3 h6 24. Bxf6 Bxf6 25. Nd5 Bxd5 26. Qxd5 Qc3 27. b3 Qxf3 28. Rd3 Qf2 29. Red1 Qa7 30. Rc3 Rd4 31. Rxd4 Qxd4 32. Qxd4 exd4 33. Rc6 Be5 34. Rxa6 Bxh2 35. Rc6 Re8 36. b4 Rxe4 37. b5 d3 38. c3 Re1+ 0-1

[Event "FIDE WCCC Open-12 2024"]
[Site "Montesilvano"]
[Date "2024.11.18"]
[Round "2.6"]
[White "Gao, Arthur"]
[Black "Liu, Patrick"]
[Result "1/2-1/2"]
[ECO "B15"]
[WhiteElo "1979"]
[BlackElo "2192"]
[PlyCount "202"]
[EventDate "2024.11.18"]
[EventType "swiss"]
[EventCountry "ITA"]
[TimeControl "5400+30"]

1. e4 c6 2. d4 d5 3. Nc3 dxe4 4. Nxe4 Nf6 5. Nxf6+ exf6 6. c3 Bd6 7. Bd3 O-O 8. Qc2 Re8+ 9. Ne2 h5 10. O-O h4 11. h3 Nd7 12. Be3 Nf8 13. c4 Be6 14. Rfd1 Rc8 15. c5 Bb8 16. Bf4 g6 17. Be4 f5 18. Bf3 Nh7 19. Qd2 Bxf4 20. Nxf4 Ng5 21. Qc3 Qf6 22. Nxe6 Rxe6 23. Rd3 Re7 24. Rad1 Rd7 25. d5 Qxc3 26. bxc3 Nxf3+ 27. gxf3 cxd5 28. Rxd5 Rdc7 29. Rb1 a6 30. Rd4 Rxc5 31. Rxb7 Rxc3 32. Rdd7 Rf8 33. Kg2 Ra3 34. Rb2 Kg7 35. Ra7 Kh6 36. Rb6 Rxa2 37. Rbxa6 Rd2 38. Rf6 Kg7 39. Rfa6 Re8 40. Ra2 Rd1 41. Ra1 Rdd8 42. Rb1 Rd2 43. Ra4 Ree2 44. Rf1 g5 45. Raa1 Rb2 46. Rae1 Rec2 47. Rc1 Kg6 48. Rxc2 Rxc2 49. Ra1 Rc4 50. Ra8 Rd4 51. Ra6+ f6 52. Ra8 g4 53. fxg4 fxg4 54. hxg4 Rxg4+ 55. Kf3 Rb4 56. Rh8 Kg5 57. Rg8+ Kf5 58. Rh8 Rf4+ 59. Kg2 Ke6 60. Rh7 f5 61. Rh6+ Ke5 62. f3 Ra4 63. Kf2 Ra2+ 64. Ke3 Rh2 65. f4+ Kd5 66. Kf3 Rh3+ 67. Kg2 Rg3+ 68. Kf2 Ke4 69. Rxh4 Rf3+ 70. Ke2 Ra3 71. Kf2 Rb3 72. Rh8 Kxf4 73. Rh4+ Kg5 74. Ra4 Kf6 75. Ra6+ Ke5 76. Ra5+ Kf4 77. Ra4+ Kg5 78. Rc4 Ra3 79. Rb4 Ra2+ 80. Kf3 Rc2 81. Ra4 Rb2 82. Rc4 Rb3+ 83. Kf2 Rb6 84. Kf3 Rb5 85. Ra4 f4 86. Ra8 Rb3+ 87. Kf2 Rb6 88. Rg8+ Kf5 89. Rf8+ Ke5 90. Re8+ Re6 91. Rxe6+ Kxe6 92. Kf3 Kf5 93. Kf2 Ke4 94. Ke2 f3+ 95. Kf2 Kf4 96. Kf1 Kg3 97. Kg1 Kg4 98. Kf2 Kf4 99. Kf1 Ke3 100. Ke1 f2+ 101. Kf1 Kf3 1/2-1/2

[Event "FIDE WCCC Open-12 2024"]
[Site "Montesilvano"]
[Date "2024.11.18"]
[Round "2.7"]
[White "Radzimski, Antoni"]
[Black "Sun, Kevin"]
[Result "1-0"]
[ECO "D36"]
[WhiteElo "2188"]
[BlackElo "1966"]
[PlyCount "143"]
[EventDate "2024.11.18"]
[EventType "swiss"]
[EventCountry "ITA"]
[TimeControl "5400+30"]

1. d4 Nf6 2. c4 e6 3. Nc3 d5 4. cxd5 exd5 5. Bg5 c6 6. e3 h6 7. Bh4 Be7 8. Bd3 O-O 9. Nge2 Ne8 10. Bxe7 Qxe7 11. O-O Nd6 12. Qc2 Nd7 13. Rae1 Nf6 14. Ng3 h5 15. f3 h4 16. Nh1 Nh5 17. Qd2 Qg5 18. Nf2 h3 19. g4 Qh4 20. Kh1 Nf6 21. Rg1 Nh7 22. Rg3 f5 23. Rxh3 Qf6 24. f4 Ne4 25. Bxe4 fxe4 26. Rg1 Ng5 27. Rhg3 Nf3 28. Rxf3 exf3 29. Qd1 g5 30. f5 b6 31. e4 dxe4 32. Ncxe4 Qe7 33. Qxf3 c5 34. f6 Bb7 35. Re1 Rae8 36. Kg1 Qh7 37. dxc5 bxc5 38. Re2 Bd5 39. f7+ Qxf7 40. Nf6+ Kh8 41. Qh3+ Kg7 42. Nxe8+ Rxe8 43. Qc3+ Kg8 44. Re5 Rxe5 45. Qxe5 Qf3 46. Qxg5+ Kh8 47. Qe5+ Kg8 48. Kf1 Qg2+ 49. Ke2 Bc4+ 50. Ke3 Qf1 51. Qb8+ Kg7 52. Qxa7+ Kh8 53. Qb8+ Kh7 54. Qc7+ Kg8 55. Qd8+ Kg7 56. Qg5+ Kh7 57. Qf5+ Kg8 58. Qxc5 Qc1+ 59. Kd4 Qxb2+ 60. Kxc4 Qxa2+ 61. Kd3 Qb1+ 62. Qc2 Qf1+ 63. Ke3 Qg2 64. Qg6+ Kh8 65. Qh6+ Kg8 66. Qg5+ Kh8 67. Qd8+ Kg7 68. Qc7+ Kh8 69. Qb8+ Kg7 70. Qe5+ Kg8 71. h4 Qf1 72. Kf3 1-0

[Event "FIDE WCCC Open-12 2024"]
[Site "Montesilvano"]
[Date "2024.11.18"]
[Round "2.8"]
[White "Qu, Haoming"]
[Black "Diachek, Andrii"]
[Result "1-0"]
[ECO "B50"]
[WhiteElo "1969"]
[BlackElo "2162"]
[PlyCount "71"]
[EventDate "2024.11.18"]
[EventType "swiss"]
[EventCountry "ITA"]
[TimeControl "5400+30"]

1. e4 c5 2. Nf3 d6 3. c3 Nf6 4. h3 Nc6 5. Bd3 d5 6. e5 Nd7 7. Bb5 Qb6 8. a4 a6 9. Bxc6 Qxc6 10. O-O e6 11. d4 b5 12. axb5 axb5 13. Rxa8 Qxa8 14. Na3 b4 15. cxb4 cxb4 16. Nb5 Qa5 17. Nd6+ Bxd6 18. exd6 O-O 19. Bd2 Ba6 20. Re1 Nf6 21. Bg5 Qb6 22. Ne5 Ne4 23. Be7 Re8 24. Qa4 Ra8 25. Qc6 Qxc6 26. Nxc6 Bc8 27. Rc1 f6 28. f3 Nd2 29. Nxb4 Kf7 30. Kf2 Ke8 31. Rc3 Bd7 32. Nd3 Rb8 33. Rc7 Nb3 34. Ke3 Rc8 35. Ra7 Rb8 36. g4 1-0

[Event "FIDE WCCC Open-12 2024"]
[Site "Montesilvano"]
[Date "2024.11.18"]
[Round "2.9"]
[White "El Zein, Bassam"]
[Black "Shilon Rahav, Eliran"]
[Result "0-1"]
[ECO "A37"]
[WhiteElo "1947"]
[BlackElo "2150"]
[PlyCount "118"]
[EventDate "2024.11.18"]
[EventType "swiss"]
[EventCountry "ITA"]
[TimeControl "5400+30"]

1. Nf3 c5 2. g3 Nc6 3. Bg2 e5 4. c4 g6 5. Nc3 Bg7 6. O-O Nge7 7. a3 d6 8. Rb1 a5 9. Ne1 Be6 10. d3 O-O 11. Nc2 d5 12. cxd5 Nxd5 13. Ne4 Qe7 14. Ng5 Rfd8 15. Nxe6 Qxe6 16. Qe1 b5 17. Ne3 Nde7 18. Bd2 a4 19. Nd1 Rac8 20. Nc3 Nd4 21. Ne4 f5 22. Ng5 Qb3 23. Nf3 Nc2 24. Qc1 c4 25. dxc4 e4 26. Ng5 Nd4 27. Re1 h6 28. Nh3 Rxc4 29. Bc3 Nd5 30. e3 Nxc3 31. bxc3 Rxc3 32. Rxb3 Rxc1 33. Rxc1 Ne2+ 34. Kh1 axb3 35. Rb1 b2 36. Bf1 Rd2 37. Nf4 Nc3 38. Rxb2 Rxb2 39. Nxg6 Rxf2 40. Bh3 Kf7 41. Nf4 Rxf4 42. gxf4 Kf6 43. Bf1 Bf8 44. a4 bxa4 45. Bc4 a3 46. h4 a2 47. Bxa2 Nxa2 48. h5 Bc5 49. Kg2 Bxe3 50. Kg3 Nc3 51. Kh4 Bxf4 52. Kh3 e3 53. Kg2 e2 54. Kf2 Bg3+ 55. Kxg3 e1=Q+ 56. Kh3 Qe3+ 57. Kg2 Ne4 58. Kh2 Qg3+ 59. Kh1 Nf2# 0-1

[Event "FIDE WCCC Open-12 2024"]
[Site "Montesilvano"]
[Date "2024.11.18"]
[Round "2.10"]
[White "Golubovic, Erik"]
[Black "Gao, Heye"]
[Result "1-0"]
[ECO "E07"]
[WhiteElo "2147"]
[BlackElo "1933"]
[PlyCount "73"]
[EventDate "2024.11.18"]
[EventType "swiss"]
[EventCountry "ITA"]
[TimeControl "5400+30"]

1. d4 d5 2. c4 c6 3. Nf3 Nf6 4. Nc3 e6 5. g3 Nbd7 6. Bg2 Be7 7. O-O O-O 8. Re1 dxc4 9. Bg5 b5 10. Ne5 Nxe5 11. dxe5 Nd5 12. Bxe7 Qxe7 13. Ne4 Bd7 14. Qd4 f6 15. b3 fxe5 16. Qxe5 cxb3 17. axb3 Nf6 18. Red1 Nd5 19. Bh3 a5 20. Ng5 h6 21. Ne4 a4 22. bxa4 Rxa4 23. Rac1 Ra2 24. Nc5 Re8 25. e4 Nb6 26. Qc7 Qf6 27. Rf1 Qd8 28. Qxd8 Rxd8 29. Nxd7 Nc4 30. Bxe6+ Kh7 31. Bxc4 bxc4 32. Nb6 Re2 33. Rxc4 Re8 34. Rxc6 R8xe4 35. Nd5 Rd2 36. Ne3 Ra4 37. Rc2 1-0

[Event "FIDE WCCC Open-12 2024"]
[Site "Montesilvano"]
[Date "2024.11.18"]
[Round "2.11"]
[White "Zhandos, Akarys"]
[Black "Belin, Anton"]
[Result "1-0"]
[ECO "C12"]
[WhiteElo "1932"]
[BlackElo "2138"]
[PlyCount "79"]
[EventDate "2024.11.18"]
[EventType "swiss"]
[EventCountry "ITA"]
[TimeControl "5400+30"]

1. e4 e6 2. d4 d5 3. Nc3 Nf6 4. Bg5 h6 5. Bxf6 Qxf6 6. exd5 Bb4 7. dxe6 Bxe6 8. Nf3 O-O 9. Be2 c5 10. O-O Rd8 11. Ne4 Qf4 12. Ng3 cxd4 13. a3 Ba5 14. b4 Bc7 15. Bd3 Nd7 16. Nxd4 Bg4 17. Nde2 Qe5 18. f3 Be6 19. Kh1 Nf6 20. Qd2 h5 21. Rae1 a6 22. Nc3 Qd4 23. Nce4 Rd5 24. Nxf6+ Qxf6 25. f4 Rad8 26. Qe2 Qh4 27. Qf3 g6 28. Bxg6 Bg4 29. Qc3 Rc8 30. Qb3 Be6 31. Rxe6 fxe6 32. Be4 Rcd8 33. Bxd5 Rxd5 34. Qc4 Qd8 35. Qe4 Qf6 36. c4 Rd4 37. Nxh5 Qh8 38. Qxe6+ Kf8 39. Re1 Qxh5 40. Qf6+ 1-0

[Event "FIDE WCCC Open-12 2024"]
[Site "Montesilvano"]
[Date "2024.11.18"]
[Round "2.12"]
[White "Ambartsumian, Tyhran"]
[Black "Zhang, Haoxuan"]
[Result "1/2-1/2"]
[ECO "B40"]
[WhiteElo "2123"]
[BlackElo "1951"]
[PlyCount "107"]
[EventDate "2024.11.18"]
[EventType "swiss"]
[EventCountry "ITA"]
[TimeControl "5400+30"]

1. e4 c5 2. Nf3 e6 3. b3 Nc6 4. Bb2 a6 5. c4 d6 6. d4 cxd4 7. Nxd4 Qc7 8. Nxc6 Qxc6 9. Bd3 Nf6 10. Nc3 Be7 11. O-O b6 12. Re1 Bb7 13. Qf3 Nd7 14. Qg3 Bf6 15. Rad1 Rd8 16. Bc2 Ne5 17. Nd5 Nf3+ 18. Qxf3 Bxb2 19. Qe3 Qc5 20. Nxb6 Qxe3 21. Rxe3 Bc6 22. Nd5 Bb7 23. Nb4 a5 24. Nd3 Bd4 25. Re2 O-O 26. Ne1 Bc5 27. Kf1 e5 28. Nd3 Bd4 29. a3 Ba6 30. Bb1 Rc8 31. Ba2 a4 32. Nb4 axb3 33. Bxb3 Bxc4 34. Bxc4 Rxc4 35. Rc2 Rc5 36. Ra2 Ra8 37. Nc2 Rc4 38. Nxd4 exd4 39. Rb2 g6 40. Rd3 Raa4 41. Ke2 Kg7 42. Kd2 Kf6 43. f4 Ke6 44. Rb6 Ke7 45. Rb7+ Kf6 46. g4 Ke6 47. Rb6 Ke7 48. Rb7+ Ke6 49. f5+ gxf5 50. exf5+ Kf6 51. h4 h6 52. Rd7 Ra6 53. Rg3 Rb6 54. g5+ 1/2-1/2

[Event "FIDE WCCC Open-12 2024"]
[Site "Montesilvano"]
[Date "2024.11.18"]
[Round "2.13"]
[White "Rueda Ahumada, Gabriel Omar"]
[Black "Luger, Sam"]
[Result "0-1"]
[ECO "A36"]
[WhiteElo "1928"]
[BlackElo "2094"]
[PlyCount "98"]
[EventDate "2024.11.18"]
[EventType "swiss"]
[EventCountry "ITA"]
[TimeControl "5400+30"]

1. c4 c5 2. Nc3 g6 3. g3 Bg7 4. Bg2 Nc6 5. d3 a6 6. e4 b5 7. Nge2 Rb8 8. O-O b4 9. Nd5 d6 10. f4 Bg4 11. h3 Bxe2 12. Qxe2 Nd4 13. Qd1 Nf6 14. Ne3 Nd7 15. Kh2 O-O 16. Rf2 e6 17. Rb1 a5 18. b3 Nb6 19. a4 bxa3 20. Bxa3 Nd7 21. Nf1 Rb6 22. Ra2 Qc7 23. Nd2 Nb8 24. Bb2 Nbc6 25. Ra3 Rfb8 26. Bc3 Nf3+ 27. Nxf3 Bxc3 28. f5 Bg7 29. fxe6 fxe6 30. h4 Qe7 31. Bh3 Rf8 32. Kg2 Qf6 33. Ra2 Rb7 34. Nh2 Rbf7 35. Rc1 Qe7 36. Re2 Nd4 37. Ra2 Nc6 38. h5 Bd4 39. Ng4 Kh8 40. hxg6 hxg6 41. Qd2 Rh7 42. Rh1 Kg7 43. Rc2 Ne5 44. Qd1 Nf3 45. Nf2 Qf6 46. Bg4 Rxh1 47. Nxh1 Ne5 48. Be2 Qg5 49. Bf1 Ng4 0-1

[Event "FIDE WCCC Open-12 2024"]
[Site "Montesilvano"]
[Date "2024.11.18"]
[Round "2.14"]
[White "Ivancic, Ivan"]
[Black "Matejka, Simon"]
[Result "0-1"]
[ECO "B23"]
[WhiteElo "2091"]
[BlackElo "1924"]
[PlyCount "98"]
[EventDate "2024.11.18"]
[EventType "swiss"]
[EventCountry "ITA"]
[TimeControl "5400+30"]

1. e4 c5 2. Nc3 d6 3. d4 cxd4 4. Qxd4 Nc6 5. Qd2 g6 6. b3 Bg7 7. Bb2 Nf6 8. O-O-O O-O 9. f4 Nd7 10. g4 Nc5 11. g5 a5 12. a4 Be6 13. Kb1 Nb4 14. Bh3 f5 15. gxf6 Bxf6 16. Bxe6+ Nxe6 17. Nge2 Rc8 18. Rhg1 Nc5 19. Rc1 Kh8 20. h4 Qd7 21. h5 gxh5 22. f5 e6 23. Qh6 Bg7 24. Qxh5 Qf7 25. Rg6 exf5 26. Rh1 Be5 27. Nf4 Bxf4 28. Nd5+ Be5 29. Nf6 Rc7 30. Rhg1 Bxb2 31. Nxh7 Qxh7 32. Rh6 Be5 33. Rh1 Qxh6 34. Qxh6+ Kg8 35. exf5 Rg7 36. Qh8+ Kf7 37. Qh5+ Ke7 38. Re1 Kd7 39. Qh6 Rgf7 40. Rf1 Kc7 41. c3 Nd5 42. Kc2 Bf4 43. Rxf4 Nxf4 44. Qxf4 Rxf5 45. Qc4 Rf2+ 46. Kd1 R8f4 47. Qg8 Rf7 48. b4 axb4 49. cxb4 Nxa4 0-1

[Event "FIDE WCCC Open-12 2024"]
[Site "Montesilvano"]
[Date "2024.11.18"]
[Round "2.15"]
[White "Sobirov, Afruzbek"]
[Black "Obidov, Biloliddin"]
[Result "1-0"]
[ECO "B90"]
[WhiteElo "1928"]
[BlackElo "2088"]
[PlyCount "145"]
[EventDate "2024.11.18"]
[EventType "swiss"]
[EventCountry "ITA"]
[TimeControl "5400+30"]

1. e4 c5 2. Nf3 d6 3. d4 cxd4 4. Nxd4 Nf6 5. Nc3 a6 6. Be3 e5 7. Nb3 Be7 8. f3 Be6 9. Qd2 h5 10. Nd5 Nxd5 11. exd5 Bf5 12. Bd3 Bxd3 13. Qxd3 Nd7 14. O-O-O Bg5 15. Kb1 Bxe3 16. Qxe3 Rc8 17. h4 a5 18. Nd4 Qb6 19. Rhe1 g6 20. Qg5 Rc4 21. Re4 Rb4 22. b3 Qd8 23. c4 Rb6 24. Nb5 O-O 25. g4 Qxg5 26. hxg5 f5 27. gxf6 Nxf6 28. Re3 h4 29. Nc7 Nh7 30. Ne6 Rf7 31. g5 Nf8 32. Nxf8 Kxf8 33. Rh1 Rh7 34. f4 exf4 35. Rf3 Ke7 36. Rxf4 h3 37. Re4+ Kd7 38. Re3 h2 39. Re2 a4 40. Kc2 axb3+ 41. axb3 Ra6 42. Kb2 b5 43. Rexh2 Re7 44. Rh7 bxc4 45. bxc4 Ra4 46. Kb3 Ra6 47. R1h6 Rb6+ 48. Kc3 Rb1 49. Rxe7+ Kxe7 50. Rxg6 Rc1+ 51. Kd3 Rd1+ 52. Kc2 Rg1 53. Rg7+ Ke8 54. Kc3 Rg2 55. Kb4 Rb2+ 56. Ka5 Rb1 57. g6 Rg1 58. Rg8+ Kd7 59. g7 Kc7 60. Kb4 Kb7 61. c5 Rg4+ 62. Kb5 dxc5 63. Kxc5 Rg6 64. d6 Rg5+ 65. Kd4 Kc6 66. Rc8+ Kxd6 67. g8=Q Rxg8 68. Rxg8 Ke6 69. Ke4 Kf7 70. Rg5 Kf6 71. Re5 Kf7 72. Kf5 Kg7 73. Re7+ 1-0

[Event "FIDE WCCC Open-12 2024"]
[Site "Montesilvano"]
[Date "2024.11.18"]
[Round "2.16"]
[White "Yin, Milo"]
[Black "Abdsattar, Alisher"]
[Result "0-1"]
[ECO "A48"]
[WhiteElo "1925"]
[BlackElo "2082"]
[PlyCount "86"]
[EventDate "2024.11.18"]
[EventType "swiss"]
[EventCountry "ITA"]
[TimeControl "5400+30"]

1. Nf3 Nf6 2. e3 g6 3. b4 Bg7 4. Bb2 O-O 5. d4 d6 6. Be2 c5 7. bxc5 dxc5 8. O-O cxd4 9. exd4 Nc6 10. c4 Nh5 11. Qd2 Qc7 12. Nc3 Bg4 13. Nd5 Qd7 14. Rad1 e6 15. Ne3 Bxf3 16. Bxf3 Nf6 17. d5 exd5 18. Nxd5 Nxd5 19. Bxg7 Kxg7 20. Qb2+ Kg8 21. Rxd5 Qc7 22. Rfd1 Rad8 23. g3 b6 24. Qf6 Ne7 25. Rxd8 Rxd8 26. Re1 Nc8 27. Bd5 Rf8 28. h4 Qd6 29. Qg5 Qd8 30. Qf4 h5 31. Kg2 Kg7 32. Re3 Nd6 33. g4 hxg4 34. Qxg4 Rh8 35. Rh3 Rh5 36. Qd4+ Qf6 37. Qxf6+ Kxf6 38. Kf3 b5 39. Kg4 bxc4 40. a4 Rxd5 41. f4 Rd3 42. Rh1 Nf5 43. Rg1 Nh6# 0-1

[Event "FIDE WCCC Open-12 2024"]
[Site "Montesilvano"]
[Date "2024.11.18"]
[Round "2.17"]
[White "Petroff, Vlad"]
[Black "Yerzhanuly Yernur"]
[Result "1-0"]
[ECO "E14"]
[WhiteElo "2079"]
[BlackElo "1917"]
[PlyCount "113"]
[EventDate "2024.11.18"]
[EventType "swiss"]
[EventCountry "ITA"]
[TimeControl "5400+30"]

1. d4 e6 2. c4 Nf6 3. Nf3 Bb4+ 4. Nbd2 b6 5. a3 Bxd2+ 6. Qxd2 Bb7 7. e3 a5 8. Be2 O-O 9. O-O d6 10. b3 Nbd7 11. Bb2 Qe7 12. b4 Ne4 13. Qc2 axb4 14. axb4 c5 15. bxc5 bxc5 16. Rfb1 f5 17. Ba3 Rfb8 18. Ra2 Bc6 19. Rba1 Ndf6 20. dxc5 Nxc5 21. Nd4 Ba4 22. Qc1 Nb3 23. Nxb3 Bxb3 24. Bxd6 Qb7 25. Rxa8 Rxa8 26. Rxa8+ Qxa8 27. Qb1 Qa4 28. c5 Ne4 29. Qc1 Qc6 30. Qb2 Qa4 31. Bf3 Kf7 32. h3 Qc4 33. Bh5+ Kg8 34. Qa3 Qa4 35. Qxa4 Bxa4 36. Be2 Nxd6 37. cxd6 e5 38. Bc4+ Kf8 39. Be6 g6 40. g4 fxg4 41. hxg4 g5 42. Kg2 Ke8 43. Kg3 Bd7 44. Bf5 h6 45. Kf3 Bc6+ 46. Kg3 Kd8 47. f4 exf4+ 48. exf4 Ke8 49. Be6 Kf8 50. f5 Ke8 51. Kf2 Ba4 52. f6 Kf8 53. Ke3 Bc6 54. Kd4 Ba4 55. d7 Bxd7 56. Bxd7 Kf7 57. Ke4 1-0

[Event "FIDE WCCC Open-12 2024"]
[Site "Montesilvano"]
[Date "2024.11.18"]
[Round "2.18"]
[White "Mamikonyan, Artem T"]
[Black "Nicot, Valentin"]
[Result "1-0"]
[ECO "B06"]
[WhiteElo "1918"]
[BlackElo "2078"]
[PlyCount "95"]
[EventDate "2024.11.18"]
[EventType "swiss"]
[EventCountry "ITA"]
[TimeControl "5400+30"]

1. e4 g6 2. d4 Bg7 3. c3 c6 4. Bd3 d5 5. e5 Nh6 6. Bf4 f6 7. exf6 exf6 8. h4 O-O 9. Bxh6 Bxh6 10. h5 g5 11. Qc2 Qe7+ 12. Ne2 Re8 13. Nd2 Bf5 14. Nf1 Bxd3 15. Qxd3 Qe4 16. Qxe4 Rxe4 17. Nfg3 Re6 18. Nf5 Bf8 19. Kd2 Nd7 20. Rae1 Rae8 21. Nc1 Nb6 22. b3 Nc8 23. Rxe6 Rxe6 24. Nd3 Nd6 25. Nc5 Ne4+ 26. Nxe4 Rxe4 27. f3 Re6 28. Re1 Kf7 29. g4 Rxe1 30. Kxe1 a5 31. Ke2 Ke6 32. a4 b6 33. Kd3 Bd6 34. Ne3 Bf4 35. Nc2 Bd6 36. b4 Be7 37. Kd2 Bd6 38. Kc1 Bc7 39. Kb2 Bd6 40. Kb3 Be7 41. b5 c5 42. c4 dxc4+ 43. Kxc4 cxd4 44. Nxd4+ Kd6 45. Nf5+ Ke6 46. Nxe7 Kxe7 47. Kd5 Kd7 48. h6 1-0

[Event "FIDE WCCC Open-12 2024"]
[Site "Montesilvano"]
[Date "2024.11.18"]
[Round "2.19"]
[White "Filindash, Nikita"]
[Black "Chen, Jun-Wei"]
[Result "1-0"]
[ECO "E51"]
[WhiteElo "2076"]
[BlackElo "1907"]
[PlyCount "83"]
[EventDate "2024.11.18"]
[EventType "swiss"]
[EventCountry "ITA"]
[TimeControl "5400+30"]

1. d4 Nf6 2. c4 e6 3. Nc3 Bb4 4. e3 O-O 5. Bd2 d5 6. Nf3 b6 7. cxd5 exd5 8. Rc1 Bb7 9. Bd3 Bd6 10. Nb5 Ne4 11. Nxd6 Qxd6 12. O-O Nxd2 13. Qxd2 c6 14. Qc2 g6 15. Ne5 Nd7 16. f4 Rac8 17. Nxd7 Qxd7 18. f5 Qe7 19. Qf2 Rce8 20. Rce1 Qd6 21. Qh4 Rc8 22. Rf3 Rfe8 23. Rh3 h5 24. fxg6 fxg6 25. Bxg6 Qxg6 26. Rg3 Re6 27. Rxg6+ Rxg6 28. Qxh5 Rg7 29. Rf1 c5 30. Qf5 cxd4 31. exd4 Re8 32. h4 Bc8 33. Qxd5+ Be6 34. Qe5 Bd7 35. Qf4 Kh7 36. h5 Re6 37. Qf5+ Kh8 38. Qf8+ Rg8 39. d5 Rxf8 40. Rxf8+ Kg7 41. dxe6 Kxf8 42. exd7 1-0

[Event "FIDE WCCC Open-12 2024"]
[Site "Montesilvano"]
[Date "2024.11.18"]
[Round "2.20"]
[White "Obidjonov, Oriyat"]
[Black "Bundan, Edward"]
[Result "1-0"]
[ECO "B30"]
[WhiteElo "2074"]
[BlackElo "1905"]
[PlyCount "118"]
[EventDate "2024.11.18"]
[EventType "swiss"]
[EventCountry "ITA"]
[TimeControl "5400+30"]

1. e4 c5 2. Nf3 Nc6 3. c4 e5 4. Nc3 g6 5. d3 Bg7 6. Be2 Nge7 7. O-O O-O 8. a3 d6 9. h3 f5 10. b4 f4 11. b5 Nd4 12. Nxd4 cxd4 13. Nb1 g5 14. Bg4 Ng6 15. Bxc8 Qxc8 16. Qh5 Qd8 17. a4 Qf6 18. Nd2 Nh4 19. Ba3 Rac8 20. Rac1 b6 21. a5 h6 22. axb6 axb6 23. Bb4 Qe6 24. Qg4 Qg6 25. g3 h5 26. Qd1 g4 27. hxg4 f3 28. Kh2 Qxg4 29. Bxd6 Rf7 30. c5 Ng6 31. Rg1 Nf4 32. Qf1 Ne2 33. Qh3 Qxh3+ 34. Kxh3 Nxg1+ 35. Rxg1 bxc5 36. b6 Rb7 37. Nc4 Bf6 38. Rb1 Bd8 39. Rb5 Kf7 40. Bxc5 Ke6 41. Na5 Rxc5 42. Rxc5 Rxb6 43. Nc4 Rb3 44. Rxe5+ Kd7 45. Rxh5 Bf6 46. Rf5 Ke6 47. Rxf3 Rb1 48. e5 Bxe5 49. Nxe5 Kxe5 50. Kh4 Rh1+ 51. Kg5 Rh8 52. g4 Rg8+ 53. Kh4 Rh8+ 54. Kg3 Rg8 55. Rf5+ Ke6 56. Rf4 Ke5 57. Rf5+ Ke6 58. Kf4 Rg7 59. f3 Rg8 1-0